 Dungeon Crawl Stone Soup version 0.22-a0-247-gbddf880 (webtiles) character file.

8 sankara the Skirmisher (level 2, 24/24 HPs)
             Began as a Demonspawn Fighter on Feb 26, 2018.
             Got out of the dungeon alive.
             The game lasted 00:00:51 (294 turns).

sankara the Skirmisher (Demonspawn Fighter)          Turns: 294, Time: 00:00:51

Health: 24/24      AC:  6    Str: 16    XL:     2   Next: 0%
Magic:  2/2        EV:  6    Int:  9    God:
Gold:   0          SH:  8    Dex: 12    Spells: 1/1 levels left

rFire    . . .     SeeInvis .   a - +0 flail
rCold    . . .     Gourm    .   c - +0 shield
rNeg     . . .     Faith    .   b - +0 scale mail
rPois    .         Spirit   .   (no helmet)
rElec    .         Reflect  .   (no cloak)
rCorr    .         Harm     .   (no gloves)
MR       .....                  (no boots)
Stlth    ..........             (no amulet)
HPRegen  0.08/turn              (no ring)
MPRegen  0.08/turn              (no ring)

@: no status effects
A: claws 1
a: no special abilities


You escaped.
You were not hungry.

You visited 1 branch of the dungeon, and saw 1 of its levels.

Inventory:

Hand Weapons
 a - a +0 flail (weapon)
Missiles
 g - 2 stones (quivered)
Armour
 b - a +0 scale mail (worn)
 c - a +0 shield (worn)
Potions
 d - a potion of might
 e - a potion of heal wounds {unknown}
Comestibles
 f - a ration


   Skills:
 - Level 3.0 Fighting
 + Level 2.5 Maces & Flails
 - Level 2.6 Armour
 - Level 2.6 Shields


You had one spell level left.
You didn't know any spells.

Dungeon Overview and Level Annotations

Branches:
Dungeon (1/15)

Altars:


Innate Abilities, Weirdness & Mutations

You have sharp fingernails.


Message History

Welcome, sankara the Demonspawn Fighter.
It is said that the Orb of Zot exists deep within this dungeon.
Press ? for a list of commands and other information.
Found a staircase leading out of the dungeon.
You open the door.
There is an open door here.
e - a glowing grey potion A leopard gecko comes into view.
The leopard gecko hisses angrily.
An ooze comes into view.
The ooze quivers.
You miss the leopard gecko. You block the leopard gecko's attack.
The leopard gecko bites you but does no damage.
Your shield and scale mail prevent you from hitting the leopard gecko.
The leopard gecko bites you but does no damage. x2
You hit the ooze.
The ooze is moderately wounded.
The leopard gecko hisses menacingly.
You block the leopard gecko's attack. The ooze hits you but does no damage.
The leopard gecko bites you but does no damage.
You hit the ooze.
The ooze is heavily wounded.
The ooze hits you. The leopard gecko barely misses you.
You hit the ooze.
The ooze is severely wounded.
The ooze hits you. The leopard gecko bites you.
The leopard gecko bites you but does no damage.
The ooze hits you.
You are too injured to fight recklessly!
You are too injured to fight recklessly!
You block the leopard gecko's attack.
There is an open door here.
You barely miss the leopard gecko. You block the leopard gecko's attack.
The leopard gecko bites you.
Your shield and scale mail prevent you from hitting the leopard gecko.
The leopard gecko barely misses you. You block the leopard gecko's attack.
You sock the leopard gecko!
You kill the leopard gecko!
Your Maces & Flails skill increases to level 2!
The ooze hits you but does no damage.
You sock the ooze!
You kill the ooze!
As you close the door, it creaks loudly!
You start resting.
HP restored.
You open the door.
There is an open door here.
You open the door.
There is an open door here.
There is an open door here.
A kobold comes into view.
The kobold shouts!
The kobold throws a stone.
The stone hits you but does no damage.
You see here a stone.
The kobold throws a stone.
You block the stone.
You see here a stone.
You block the kobold's attack.
You barely miss the kobold. The kobold hits you. The kobold barely misses you.
You closely miss the kobold. The kobold hits you but does no damage.
You hit the kobold.
The kobold is severely wounded.
You block the kobold's attack.
You closely miss the kobold.
The kobold is severely wounded.
You block the kobold's attack.
A frilled lizard comes into view.
You closely miss the kobold.
The kobold is severely wounded.
The frilled lizard hisses angrily.
You block the kobold's attack. The kobold barely misses you.
You hit the kobold but do no damage.
The kobold is severely wounded.
You block the kobold's attack.
You hit the kobold.
You kill the kobold!
You miss the frilled lizard.
The frilled lizard bites you but does no damage.
Your shield and scale mail prevent you from hitting the frilled lizard.
You block the frilled lizard's attack.
You barely miss the frilled lizard. The frilled lizard bites you.
The frilled lizard bites you but does no damage.
Your shield and scale mail prevent you from hitting the frilled lizard.
The frilled lizard bites you but does no damage.
You closely miss the frilled lizard. You block the frilled lizard's attack.
You closely miss the frilled lizard.
The frilled lizard bites you but does no damage. x2
You sock the frilled lizard!
You kill the frilled lizard!
You have reached level 2!
Your demonic ancestry asserts itself...
Your fingernails lengthen.
g - a stone
g - 2 stones (gained 1)
There is a fountain of clear blue water here.
There is an open door here.
There is a staircase leading out of the dungeon here.
Are you sure you want to leave the Dungeon?
This will make you lose the game!
You have escaped!

#. #..#######.#
#. #..##...##.#
#. #..##...##.#
#.##..##.@.##.#
#.##..##...##.#
#.##..##...##.#
#.##..###'###.#
#.....###.###.#
#...⌠.........#
###............##
#...#####.######
# #.#.#####'####


There were no monsters in sight!

Vanquished Creatures
  An ooze (D:1)
  A leopard gecko (D:1)
  A frilled lizard (D:1)
  A kobold (D:1)
4 creatures vanquished.

Notes
Turn   | Place    | Note
-------+----------+-------------------------------------------
     0 | D:1      | sankara the Demonspawn Fighter began the quest for the Orb.
     0 | D:1      | Reached XP level 1. HP: 18/18 MP: 1/1
    40 | D:1      | Reached skill level 2 in Maces & Flails
   269 | D:1      | Gained mutation: You have sharp fingernails. [demonic ancestry]
   269 | D:1      | Reached XP level 2. HP: 22/24 MP: 2/2
   294 | D:$      | Got out of the dungeon alive.

Vault maps used:
D:1:      dpeg_arrival_rooms_a

Skill      XL: |  1 |
---------------+----+-----
Maces & Flails | 2 |  2.5
Fighting       | |  3.0
Armour         | |  2.6
Shields        | |  2.6

Action                   || total
-------------------------++-------
Melee: Flail             ||    23
Armor: Scale mail        ||    13
Dodge: Dodged            ||     4
Block: Shield            ||    13

Table legend:
 A = Spawn XP
 B = Non-spawn XP
 C = Spawn XP percentage of total XP
 D = Spawn monster count
 E = Non-spawn monster count
 F = Spawn count percentage of total count
 G = Total turns spent on level
                    A         B        C        D         E        F      G
               +---------+---------+-------+---------+---------+-------+---------
         Total |       0 |      12 |   0.0 |       0 |       4 |   0.0 |   294
               +---------+---------+-------+---------+---------+-------+---------
           D:1 |       0 |      12 |   0.0 |       0 |       4 |   0.0 |   294
               +---------+---------+-------+---------+---------+-------+---------

Vault maps used:
D:1:      dpeg_arrival_rooms_a

Table legend:
 A = Turns spent in this place as a percentage of turns spent in the entire game.
 B = Non-inter-level travel turns spent in this place as a percentage of non-inter-level travel turns spent in the entire game.
 C = Inter-level travel turns spent in this place as a percentage of turns spent in this place.
 D = Turns resting spent in this place as a percentage of non-inter-level travel turns spent in this place.
 E = Turns spent auto-exploring this place as a percentage of non-inter-level travel turns spent in this place.
 F = Non-inter-level travel turns spent in this place divided by the number of levels of this place that you've seen.
                   A       B       C       D       E      F
               +-------+-------+-------+-------+-------+----------------------
         Total | 100.0 | 100.0 |   7.8 |  68.6 |  15.5 | 271.0
       Dungeon | 100.0 | 100.0 |   7.8 |  68.6 |  15.5 | 271.0
               +-------+-------+-------+-------+-------+----------------------

Table legend:
 A = Kills in this place as a percentage of kills in entire the game.
 B = Kills by you in this place as a percentage of kills by you in the entire game.
 C = Kills by friends in this place as a percentage of kills by friends in the entire game.
 D = Other kills in this place as a percentage of other kills in the entire game.
 E = Experience gained in this place as a percentage of experience gained in the entire game.
 F = Experience gained in this place divided by the number of levels of this place that you have seen.
                   A       B       C       D       E      F
               +-------+-------+-------+-------+-------+----------------------
         Total | 100.0 | 100.0 |   N/A |   N/A | 100.0 |  12.0
       Dungeon | 100.0 | 100.0 |   N/A |   N/A | 100.0 |  12.0
               +-------+-------+-------+-------+-------+----------------------
